 Dungeon Crawl Stone Soup version bcrawl-1.28.5 (console) character file.

Game seed: 10075409864249710417

350877 GodsVoicemail the Thaumaturge (level 12, -2/96 HPs)
             Began as a Demonspawn Wizard on Feb 18, 2021.
             Was a Believer of Ru.
             Slain by an eight-headed hydra (6 damage)
             ... on level 3 of the Lair of Beasts.
             The game lasted 01:32:44 (14600 turns).

GodsVoicemail the Thaumaturge (Demonspawn Wizard)  Turns: 14600, Time: 01:32:45

Health: -2/96      AC: 10    Str:  8    XL:     12   Next: 29%
Magic:  2/34       EV: 16    Int: 22    God:    Ru [**....]
Gold:   905        SH:  0    Dex: 14    Spells: 12/30 levels left

rFire    . . .     SeeInvis .   a - +2 mace (venom)
rCold    . . .     Gourm    .   (no shield)
rNeg     . . .     Faith    .   O - +0 robe
rPois    .         Spirit   .   k - +2 hat
rElec    .         Reflect  .   (no cloak)
rCorr    .         Harm     .   n - +0 pair of gloves
MR       .....                  (no boots)
Stlth    ++........             (no amulet)
HPRegen  0.26/turn              l - +5 ring of protection
MPRegen  0.24/turn              E - ring of magical power

@: lethally poisoned (-2 -> -3), very slightly contaminated
A: spiny 2, inability to train armour, magic vulnerability 1, sturdy frame 2
a: Renounce Religion


You were on level 3 of the Lair of Beasts.
You worshipped Ru.
Ru was pleased with you.
You were not hungry.

You visited 2 branches of the dungeon, and saw 13 of its levels.
You also visited: Ossuary.

You collected 905 gold pieces.

Inventory:

Hand Weapons
 a - a +2 mace of venom (weapon)
 b - a +1 falchion of electrocution
 R - a +5 falchion
 V - a +0 blowgun
Missiles
 m - 169 javelins
 p - 312 poisoned tomahawks (quivered)
 S - 2 throwing nets {=f}
 W - 40 curare-tipped needles
Armour
 k - a +2 hat (worn)
 n - a +0 pair of gloves (worn)
 o - the +0 scale mail of Eternal Vigilance {+Fly Int+2}
   (You found it on level 5 of the Dungeon)

   It affects your intelligence (+2).
   It lets you fly.
 q - a +0 leather armour
 M - a +0 cloak
 O - a +0 robe (worn)
 U - a +0 ring mail
 X - the +5 scale mail "Fykazxif" {Dex+8, unknown}
   (You found it on level 2 of the Lair of Beasts)

   It affects your dexterity (+8).
Magical Staves
 P - an uncursed staff of fire
Jewellery
 h - an uncursed ring of protection from fire
 l - a +5 ring of protection (left hand)
 E - a ring of magical power (right hand)
Wands
 F - a wand of flame (6)
 T - a wand of random effects (6)
Scrolls
 c - a scroll of immolation
 d - 3 scrolls of remove curse
 j - 9 scrolls of identify
 t - 2 scrolls of amnesia
 w - 2 scrolls of enchant armour
 y - 3 scrolls of teleportation
 B - 2 scrolls of blinking
 C - 5 scrolls of fear
 L - a scroll of magic mapping
 N - a scroll of enchant weapon
Potions
 f - 2 potions of brilliance
 g - 2 potions of degeneration {unknown}
 i - 3 potions of lignification
 r - 2 potions of agility {unknown}
 s - 4 potions of haste {unknown}
 u - 3 potions of ambrosia {unknown}
 v - 4 potions of berserk rage {unknown}
 x - 5 potions of heal wounds {unknown}
 z - 3 potions of flight {unknown}
 A - 6 potions of mutation {unknown}
 G - a potion of magic {unknown}
 H - a potion of resistance {unknown}
 I - a potion of cancellation {unknown}
 J - 7 potions of curing {unknown}
 K - a potion of might {unknown}
Miscellaneous
 Q - a phantom mirror
Comestibles
 e - 22 rations {!d}
 D - a chunk of flesh


   Skills:
 - Level 9.4 Fighting
 + Level 6.5 Dodging
 - Level 2.0 Stealth
 * Level 9.9 Spellcasting
 * Level 9.3 Conjurations
 - Level 2.0 Summonings
 - Level 2.5 Translocations
 + Level 3.4 Fire Magic
 - Level 4.0 Air Magic
 - Level 4.0 Poison Magic
 + Level 5.5 Evocations


You had 12 spell levels left.
You knew the following spells:

 Your Spells              Type           Power        Failure   Level  Hunger
a - Magic Dart            Conj           ####         1%          1    None
b - Blink                 Tloc           N/A          3%          2    None
c - Mephitic Cloud        Conj/Pois/Air  #####...     1%          3    None
d - Conjure Flame         Conj/Fire      #####...     1%          3    None
e - Call Imp              Summ           ###...       4%          2    None
f - Spider Form           Tmut/Pois      ###          9%          3    None
g - Throw Icicle          Conj/Ice       ####....     9%          4    #......

Your spell library contained the following spells:

 Spells                   Type           Power        Failure   Level  Hunger
 Throw Frost              Conj/Ice       ####..       1%          2    None
 Freeze                   Ice            ##....       6%          1    None
 Ozocubu's Armour         Chrm/Ice       ##......     19%         3    None
 Summon Ice Beast         Ice/Summ       ###.....     38%         4    #......
 Ice Form                 Ice/Tmut       ##......     52%         4    #......


Dungeon Overview and Level Annotations

Branches:
Dungeon (10/12)            Temple (0/1) D:6            Lair (3/6) D:7
  Swamp (0/3) Lair:2       Spider (0/3) Lair:3
    Orc: D:8-11

Altars:
Ashenzari
Dithmenos
Fedhas
Hepliaklqana
Lugonu
Nemelex Xobeh
Okawaru
Ru
Sif Muna
Trog
Uskayaw
Vehumet
Wu Jian
Yredelemnul
Zin
Beogh

Annotations:
D:4 3 runed translucent doors, Nerif's ghost, amateur SDFi; Quickbrownfox's ghost, novice MiAc; Sarzael's ghost, amateur DrTm; yrara's ghost, amateur DsFi
D:6 3 runed translucent doors, yrara's ghost, novice DsFi
D:9 1 runed translucent door, Roikka's ghost, novice FrWz
Lair:3 Kirke


Innate Abilities, Weirdness & Mutations

You are mostly covered in sharp spines.
You cannot train Armour skill.
You are slightly vulnerable to magic. (MR-)
Your movements are less encumbered by armour. (ER -4)


Message History

The eight-headed hydra bites you but does no damage.
The eight-headed hydra bites you.
Your crimson imp hits the eight-headed hydra.
The giant cockroach completely misses your crimson imp.
Evoke which item? (* to show all) (? for menu, Esc to quit)
Aiming: Throw Flame
Press: ? - help, Shift-Dir - straight line, f/p - eight-headed hydra
Aim: an eight-headed hydra (severely wounded)
The puff of flame hits the eight-headed hydra.
The eight-headed hydra is almost dead.
The eight-headed hydra bites you. The eight-headed hydra misses you.
The eight-headed hydra bites you but does no damage.
The eight-headed hydra bites you.
* * * LOW HITPOINT WARNING * * *
The eight-headed hydra bites you!
* * * LOW HITPOINT WARNING * * *
The eight-headed hydra bites you!
* * * LOW HITPOINT WARNING * * *
The eight-headed hydra bites you.
You die...

,,*,*,,,,,,,,,,,,,**,,,,,,,,,***,
,,,,,,,,,*,***,,****,,,,,,,,,,,,,
,,,,,,,*,*** **** *,*,,,,,*,,,**
,,,**,,,*** *,**,,,***,,**
,,,,,,,,,,* ***,,,,,,*,,,,,*
******,,,*#** *,..#*...#,,,,** *
***,,##.######*P.##....,,>,,, *
*,,,,........###.##...,*,,..* *
**,+**##...#+@.#P.##..#*,*...* *
*,,,,,.......D###.##..##*#..## *
**,,*,+##.#+.#.5##.##...##....# *
*,,,*,,,,,,#...#s...#........,, *
**,,,,,,*........†...........,,
*,,,,*,##.#.#.....#....#.#..,*
****,,,,,,...#.....####....#*,.,*
*,,,,,*,,...*+....P# ###.##*.#**
,,,,,,*,,.,,,..#..## #†# *.#


You could see an eight-headed hydra, a giant cockroach and a friendly crimson
imp.

Vanquished Creatures
  Erolcha (D:9)
  A hydra (Lair:2)
  2 centaur warriors
  A centaur zombie (D:9)
  A black mamba (Lair:3)
  3 cane toads
  A rime drake (Lair:1)
  A komodo dragon (Lair:2)
  7 blink frogs
  3 hippogriffs
  A centaur simulacrum (D:9)
  14 yaks
  3 hogs
  3 humans
  A basilisk (Lair:2)
  A hungry ghost (D:7)
  4 crocodiles
  5 water moccasins
  10 porcupines
  4 ice beasts
  4 black bears (D:7)
  6 orc warriors
  A phantom (D:6)
  A wolf (D:7)
  4 ogres
  A necrophage (D:9)
  A centaur (D:5)
  A big kobold (D:9)
  9 bullfrogs
  6 killer bees (D:9)
  4 scorpions
  9 wights
  A howler monkey (D:5)
  An electric eel (Lair:2)
  4 crimson imps
  A quasit (D:9)
  2 jellies
  6 orc priests
  11 orc wizards
  Crazy Yiuf (D:2)
  A gnoll shaman (D:3)
  6 hounds
  2 bullfrog skeletons (D:4)
  2 iguanas (D:6)
  6 worker ants
  3 hell rats (Lair:1)
  8 mummies (Ossuary)
  4 worker ant zombies
  9 adders
  4 gnolls (D:3)
  5 river rats (Lair:1)
  A shadow imp (D:8)
  3 worms
  3 dart slugs
  3 leopard geckos
  37 orcs
  3 ball pythons (D:5)
  6 bats
  3 giant cockroaches
  2 gnoll zombies (Ossuary)
  8 goblins
  8 hobgoblins
  15 jackals
  6 quokkas
  4 frilled lizards
  4 hobgoblin zombies (Ossuary)
  7 kobolds
  A kobold zombie (Ossuary)
  An orc zombie (Ossuary)
  11 rats
317 creatures vanquished.

Vanquished Creatures (collateral kills)
  A hydra (Lair:2)
  Erica (D:8)
  A cane toad (Lair:1)
  2 komodo dragons
  A hog (D:7)
  A yak (Lair:2)
  A crocodile (D:7)
  A porcupine (Lair:1)
  A bullfrog (Lair:2)
  A killer bee (D:9)
  3 wights (D:6)
  A worker ant (D:9)
  An orc (D:8)
  2 rats (Lair:1)
18 creatures vanquished.

Vanquished Creatures (others)
  A centaur (D:7)
  7 fungi
  8 plants
16 creatures vanquished.

Grand Total: 351 creatures vanquished

Notes
Turn   | Place    | Note
-------+----------+-------------------------------------------
     0 | D:1      | GodsVoicemail the Demonspawn Wizard began the quest for the
                  | Orb.
     0 | D:1      | Reached XP level 1. HP: 13/13 MP: 4/4
   290 | D:1      | Gained mutation: Your movements are slightly less
                  | encumbered by armour. (ER -2) [demonic ancestry]
   290 | D:1      | Reached XP level 2. HP: 19/19 MP: 3/6
   600 | D:1      | Learned a level 2 spell: Blink
   603 | D:1      | Learned a level 2 spell: Call Imp
  1177 | D:2      | Reached XP level 3. HP: 24/24 MP: 0/7
  1402 | D:2      | Learned a level 3 spell: Mephitic Cloud
  1536 | D:2      | Found a sparkling altar of Nemelex Xobeh.
  2105 | D:2      | Found a runed door.
  2390 | D:3      | Gained mutation: You are partially covered in sharp spines.
                  | [demonic ancestry]
  2390 | D:3      | Reached XP level 4. HP: 24/30 MP: 2/8
  2735 | D:3      | Noticed an ogre
  2835 | D:3      | Found a blossoming altar of Fedhas.
  3088 | D:3      | Reached XP level 5. HP: 35/35 MP: 5/9
  3140 | D:3      | Killed an ogre
  3141 | D:3      | Reached skill level 5 in Conjurations
  3340 | D:3      | Gained mutation: You are mostly covered in sharp spines.
                  | [demonic ancestry]
  3340 | D:3      | Reached XP level 6. HP: 40/41 MP: 6/10
  3618 | D:4      | Learned a level 3 spell: Conjure Flame
  3625 | D:4      | Found a runed translucent gate.
  3625 | D:4      | Found a runed translucent gate.
  3625 | D:4      | Found a runed translucent gate.
  3626 | D:4      | Noticed yrara's ghost (amateur DsFi)
  3626 | D:4      | Noticed Quickbrownfox's ghost (novice MiAc)
  3627 | D:4      | Noticed Sarzael's ghost (amateur DrTm)
  3627 | D:4      | Noticed Nerif's ghost (amateur SDFi)
  3717 | D:4      | Reached skill level 1 in Translocations
  3830 | D:4      | Found a glowing silver altar of Zin.
  3833 | D:4      | Found a sacrificial altar of Ru.
  3838 | D:4      | Became a worshipper of Ru the Awakened
  3846 | D:4      | Found a hazy altar of Hepliaklqana.
  3846 | D:4      | Found a basalt altar of Yredelemnul.
  3847 | D:4      | Found a corrupted altar of Lugonu.
  3848 | D:4      | Found a shimmering blue altar of Sif Muna.
  3852 | D:4      | Found a bloodstained altar of Trog.
  4124 | D:4      | Reached skill level 1 in Air Magic
  4124 | D:4      | Reached skill level 1 in Poison Magic
  4124 | D:4      | Reached XP level 7. HP: 46/46 MP: 6/12
  4514 | D:5      | Entered Level 5 of the Dungeon
  4678 | D:5      | Got a faintly humming scale mail
  4679 | D:5      | Identified the +0 scale mail of Eternal Vigilance {+Fly
                  | Int+2} (You found it on level 5 of the Dungeon)
  4824 | D:5      | Reached XP level 8. HP: 53/53 MP: 14/14
  4839 | D:5      | Reached skill level 1 in Fighting
  5110 | D:6      | Gained mutation: You cannot train Armour skill. [Ru
                  | sacrifice]
  5110 | D:6      | Reached * piety under Ru
  5361 | D:6      | Found a staircase to the Ecumenical Temple.
  5425 | D:6      | Noticed a hippogriff
  5427 | D:6      | Reached skill level 5 in Spellcasting
  5435 | D:6      | Killed a hippogriff
  5613 | D:6      | Found a sand-covered staircase.
  5619 | Ossuary  | Entered an ossuary
  6004 | D:6      | Reached XP level 9. HP: 64/64 MP: 10/17
  6314 | D:6      | Found a runed translucent gate.
  6315 | D:6      | Found a runed translucent gate.
  6315 | D:6      | Found a runed translucent gate.
  6316 | D:6      | Noticed yrara's ghost (novice DsFi)
  6616 | D:3      | Found a blossoming altar of Fedhas.
  7096 | D:2      | Noticed Crazy Yiuf
  7102 | D:2      | Killed Crazy Yiuf
  7468 | D:7      | Reached skill level 5 in Fighting
  7555 | D:7      | Reached skill level 1 in Evocations
  7564 | D:7      | Noticed a centaur warrior
  7624 | D:7      | Found a staircase to the Lair.
  7673 | D:7      | Gained mutation: Your movements are less encumbered by
                  | armour. (ER -4) [demonic ancestry]
  7673 | D:7      | Reached XP level 10. HP: 74/74 MP: 17/20
  7751 | D:7      | Found a radiant altar of Vehumet.
  7972 | D:7      | Killed a centaur warrior
  8049 | D:7      | Found a shadowy altar of Dithmenos.
  8051 | D:7      | Found an ornate altar of the Wu Jian Council.
  8494 | D:7      | Gained mutation: You are slightly vulnerable to magic.
                  | (MR-) [Ru sacrifice]
  8494 | D:7      | Reached ** piety under Ru
  8528 | D:7      | Learned a level 3 spell: Spider Form
  8599 | D:8      | Found a hide-covered altar of Uskayaw.
  8914 | D:8      | Noticed Erica
  8937 | D:8      | Killed Erica
  8982 | D:8      | Found a shattered altar of Ashenzari.
  9071 | D:8      | Reached skill level 5 in Dodging
  9231 | D:8      | Found a roughly hewn altar of Beogh.
  9367 | D:9      | Noticed a centaur warrior
  9378 | D:9      | Killed a centaur warrior
  9530 | D:9      | Reached skill level 1 in Fire Magic
  9555 | D:9      | Reached XP level 11. HP: 56/84 MP: 20/23
 10161 | D:9      | Found a runed translucent door.
 10163 | D:9      | Noticed Roikka's ghost (novice FrWz)
 10181 | D:9      | Found an iron altar of Okawaru.
 10208 | D:9      | Noticed Erolcha
 10236 | D:9      | Killed Erolcha
 10587 | D:10     | Entered Level 10 of the Dungeon
 10702 | Lair:1   | Entered Level 1 of the Lair of Beasts
 12787 | Lair:2   | Noticed a four-headed hydra
 12799 | Lair:2   | Killed a four-headed hydra
 12800 | Lair:2   | Reached skill level 5 in Evocations
 12948 | Lair:1   | Reached XP level 12. HP: 85/95 MP: 25/25
 13362 | Lair:2   | Learned a level 4 spell: Throw Icicle
 13372 | Lair:2   | Noticed a six-headed hydra
 13385 | Lair:2   | Killed a six-headed hydra
 14098 | Lair:2   | Got a fading scale mail
 14190 | Lair:2   | Found a staircase to the Swamp.
 14486 | Lair:3   | Noticed Kirke
 14585 | Lair:3   | Noticed an eight-headed hydra
 14600 | Lair:3   | HP: 4/96 [eight-headed hydra (8)]
 14600 | Lair:3   | Slain by an eight-headed hydra

Skill      XL: |  1  2  3  4  5  6  7  8  9 10 11 12 |
---------------+-------------------------------------+-----
Conjurations   | 2 3 4 6 7 8 9 |  9.3
Translocations | 1 2 |  2.5
Air Magic      | 1 2 3 4 |  4.0
Poison Magic   | 1 2 3 4 |  4.0
Spellcasting   | 4 5 6 8 9 |  9.9
Fighting       | 3 5 7 9 |  9.4
Dodging        | 2 4 5 6 |  6.5
Evocations     | 1 3 5 |  5.5
Summonings     | 2 |  2.0
Fire Magic     | 1 2 3 |  3.4
Stealth        | |  2.0

Action                   |  1- 3 |  4- 6 |  7- 9 | 10-12 || total
-------------------------+-------+-------+-------+-------++-------
Melee: Staff             |    10 |       |       |       ||    10
       Mace              |     3 |    35 |   152 |   173 ||   363
       Unarmed           |       |       |       |    69 ||    69
Throw: Tomahawk          |     1 |       |       |       ||     1
       Javelin           |       |       |     3 |       ||     3
 Cast: Magic Dart        |   112 |    89 |   179 |   350 ||   730
       Mephitic Cloud    |     1 |     7 |    16 |    51 ||    75
       Call Imp          |     1 |       |    19 |    41 ||    61
       Blink             |       |     1 |     1 |    19 ||    21
       Conjure Flame     |       |     1 |    19 |    24 ||    44
       Spider Form       |       |       |       |     6 ||     6
       Throw Icicle      |       |       |       |     4 ||     4
Invok: Sacrifice Durabil |       |       |     1 |       ||     1
       Sacrifice Essence |       |       |       |     1 ||     1
       Reject Sacrifices |       |       |       |     1 ||     1
 Abil: End Transformatio |       |       |       |     2 ||     2
Evoke: Wand              |       |       |     7 |    13 ||    20
  Use: Scroll            |       |     6 |     6 |     4 ||    16
       Potion            |       |       |       |     1 ||     1
 Stab: Confused          |       |     2 |     8 |    12 ||    22
       Distracted        |       |       |     1 |     1 ||     2
  Eat: Chunk             |     7 |    11 |    16 |    33 ||    67
       Ration            |       |       |     2 |     1 ||     3
Armor: Robe              |     3 |       |       |     6 ||     9
       Leather armour    |     2 |    23 |    51 |     7 ||    83
       Scale mail        |       |       |       |    32 ||    32
       Ring mail         |       |       |       |    20 ||    20
       Skin              |       |       |       |    11 ||    11
Dodge: Dodged            |    20 |    25 |    89 |   176 ||   310
